 Dungeon Crawl Stone Soup version 0.22-a0-305-gd21a89c (webtiles) character file.

199141 Gorice the Warrior (level 17, -22/144 HPs)
             Began as a Demonspawn Wanderer on Mar 30, 2018.
             Was the Champion of Jiyva.
             Killed from afar by Kidiri's ghost (24 damage)
             ... with a flame tongue
             ... on level 4 of the Shoals.
             The game lasted 03:45:12 (44552 turns).

Gorice the Warrior (Demonspawn Wanderer)           Turns: 44552, Time: 03:45:13

Health: -22/144    AC: 26    Str: 32    XL:     17   Next: 83%
Magic:  26/26      EV: 12    Int: 10    God:    Jiyva [******]
Gold:   699        SH:  0    Dex: 13    Spells: 20/20 levels left

rFire    . . .     SeeInvis +   a - +9 lajatang "Aqibrim" {venom, +Blink Dex+7}
rCold    + . .     Gourm    .   (shield currently unavailable)
rNeg     . . .     Faith    .   G - +4 chain mail
rPois    .         Spirit   .   (helmet unavailable)
rElec    .         Reflect  .   i - +2 cloak {rC+}
rCorr    +         Harm     .   L - +0 pair of gloves
MR       ++...                  P - +2 pair of boots {run}
Stlth    ..........             c - amulet of rage
HPRegen  0.34/turn              m - ring of protection from magic
MPRegen  0.20/turn              F - ring of flight

@: quick
A: antennae 3, beak, iridescent scales 2, foul stench 1, spiny 2, strong 1,
eyeballs 3, pseudopods 2, tendrils, jelly sensing items, jelly absorbing
missiles, rot immunity
}: 1/15 runes: gossamer
a: Request Jelly, Slimify, Cure Bad Mutation, Renounce Religion, Evoke Blink,
Evoke Berserk Rage, Evoke Flight


You were on level 4 of the Shoals.
You worshipped Jiyva.
Jiyva was exalted by your worship.
You were completely stuffed.

You visited 6 branches of the dungeon, and saw 32 of its levels.
You also visited: Labyrinth and Ice Cave.

You collected 2060 gold pieces.
You spent 1361 gold pieces at shops.

Inventory:

Hand Weapons
 a - the +9 lajatang "Aqibrim" (weapon) {venom, +Blink Dex+7}
   (You acquired it on level 12 of the Dungeon)

   It poisons the flesh of those it strikes.
   It affects your dexterity (+7).
   It lets you blink.
 b - the +11 quarterstaff of Entrepreneurial Spirit {flame, *Slow rC+ MR+ Str+3}
   (You found it on level 8 of the Dungeon)

   It has been specially enchanted to burn those struck by it, causing extra
   injury to most foes and up to half again as much damage against particularly
   susceptible opponents.
   It affects your strength (+3).
   It protects you from cold.
   It affects your resistance to hostile enchantments.
   It may slow you when you take damage.
 s - a +0 lajatang
Missiles
 k - 17 javelins of returning
 x - 37 tomahawks
 y - 31 javelins
 B - 11 poisoned javelins
 Q - 4 poisoned tomahawks (quivered)
 Z - 4 javelins of penetration
Armour
 i - a +2 cloak of cold resistance (worn)
   (You found it in an ice cave)
 G - a +4 chain mail (worn)
 L - a +0 pair of gloves (worn)
 P - a +2 pair of boots of running (worn)
   (You found it on level 4 of the Lair of Beasts)
Jewellery
 c - an amulet of rage (around neck)
 m - a ring of protection from magic (left hand)
 p - an uncursed ring of poison resistance
 E - an uncursed ring of positive energy
 F - a ring of flight (right hand)
 S - a +2 ring of slaying
Wands
 h - a wand of flame (29)
 t - a wand of acid (7)
 H - a wand of paralysis (29)
 J - a wand of disintegration (7)
 K - a wand of enslavement (17)
 N - a wand of iceblast (11)
 O - a wand of scattershot (4)
 R - a wand of digging (11)
Scrolls
 f - 4 scrolls of blinking
 j - 6 scrolls of teleportation {!r}
 u - 2 scrolls of magic mapping {!r}
 v - 3 scrolls of identify
 w - a scroll of enchant armour
 z - 2 scrolls of fog
 I - 9 scrolls of remove curse
 M - 5 scrolls of fear {!r}
 U - 3 scrolls of enchant weapon
 V - a scroll of summoning {!r}
Potions
 e - 3 potions of cancellation {!q}
 g - 9 potions of curing
 l - 5 potions of berserk rage
 n - 9 potions of heal wounds {!q}
 o - 3 potions of might {!q}
 r - 7 potions of haste {!q}
 C - 2 potions of resistance {!q}
 D - a potion of magic {!q}
 T - 5 potions of agility {!q}
 W - a potion of invisibility {!q}
Miscellaneous
 q - a lightning rod (4/4) {!a}
Comestibles
 d - 35 rations


   Skills:
 - Level 16.0 Fighting
   Level 11.7(13.7) Polearms
 - Level 12.2(14.0) Staves
 - Level 1.0 Throwing
 - Level 16.0 Armour
 + Level 5.1 Dodging
   Level 1.0 Shields
 - Level 2.0 Spellcasting
   Level 3.0 Conjurations
   Level 1.0 Air Magic
 - Level 12.0 Evocations


You had 20 spell levels left.
You didn't know any spells.

Dungeon Overview and Level Annotations

Branches:
Dungeon (15/15)            Temple (1/1) D:4            Lair (6/6) D:8
 Shoals (4/4) Lair:2       Spider (4/4) Lair:2        Slime (0/5) Lair:5
    Orc (2/2) D:10            Elf (0/3) Orc:2        Vaults (0/5) D:13
 Depths (0/5) D:15

Altars:
Ashenzari
Cheibriados
Dithmenos
Elyvilon
Fedhas
Gozag
Hepliaklqana
Kikubaaqudgha
Makhleb
Nemelex Xobeh
Okawaru
Qazlal
Ru
Sif Muna
Trog
Uskayaw
Vehumet
Wu Jian
Xom
Yredelemnul
Zin
The Shining One
Beogh
Jiyva

Shops:
D:4 %   D:5 ?   D:6 !   D:15 !   Orc:1 (   Orc:2 (![*   Shoals:3 (

Annotations:
D:4 xccam's ghost, novice FoFi
Shoals:4 Kidiri's ghost, adept DEFE


Innate Abilities, Weirdness & Mutations

You have a pair of large antennae on your head. (SInv)
You are mostly covered in iridescent scales. (AC +4)
You may emit foul miasma when damaged in melee.
You are mostly covered in sharp spines.
You are immune to rotting.
You have a beak for a mouth.
Your muscles are strong. (Str +2)
Your body is covered in golden eyes which may confuse attackers. (Acc +7, SInv)
Armour fits poorly on your large pseudopods.
You are covered in slimy tendrils that may disarm your opponents.
You have a small jelly attached to you that senses nearby items.
You have a small jelly attached to you that may absorb incoming projectiles.


Message History

The manticore claws you but does no damage.
Kidiri's ghost casts a spell at you. The bolt of poison hits you!
You are poisoned.
A water elemental comes into view.
Damage: 34 (max 34)
You completely miss Kidiri's ghost.
You bludgeon Kidiri's ghost, but do no damage.
Kidiri's ghost is severely damaged.
You feel sick.
Damage: 2 (max 34)
You completely miss Kidiri's ghost. Your peck misses Kidiri's ghost.
Kidiri's ghost is severely damaged.
You feel sick. The manticore closely misses you.
The manticore barely misses you. The manticore claws you.
Kidiri's ghost completely misses you.
Unknown command.
Damage: 4 (max 34)
You slash Kidiri's ghost! Your bludgeon misses Kidiri's ghost.
Kidiri's ghost is almost destroyed.
You feel sick. The manticore is struck by your spines.
The manticore bites you!!
The eyeballs on your body gaze at the manticore.
The manticore closely misses you. The manticore claws you.
Kidiri's ghost casts a spell at you. The bolt of poison hits you!
You are more poisoned.
* * * LOW HITPOINT WARNING * * *
You slash Kidiri's ghost! Your bludgeon misses Kidiri's ghost.
Kidiri's ghost is almost destroyed.
You feel sick.
Damage: 53 (max 53)
You miss Kidiri's ghost.
You peck Kidiri's ghost, but do no damage.
Your bludgeon misses Kidiri's ghost.
Kidiri's ghost is almost destroyed.
You feel very sick.
Kidiri's ghost casts a spell.
Kidiri's ghost ignites the poison in its surroundings!
The poison in your system burns!
* * * LOW HITPOINT WARNING * * *
You shudder from the blast and a jelly pops out!
You are no longer poisoned.
Damage: 49 (max 53)
You hit Kidiri's ghost. Your peck misses Kidiri's ghost.
Kidiri's ghost is almost destroyed.
The water elemental closely misses you.
Kidiri's ghost gestures at you while chanting.
The flame tongue hits you!
You die...

..........#####
..........≈#≈..
...............
..............
.............
..........m# .......EWH.#
........@# .........## {
........J≈# $........## ∆
#.......(# ∆ { #≈≈......#
{ ... #≈≈≈≈≈..≈###{
##.... #≈≈≈≈≈≈≈≈≈.#
####.......
#..........####..≈.......


You could see a merfolk, a manticore (confused), a water elemental, Kidiri's
ghost and a friendly acid blob.

Vanquished Creatures
  Asterion (Spider:2)
  Kirke (D:14)
  4 ghost moths (Spider:4)
  3 emperor scorpions (Spider:4)
  A reaper (IceCv)
  4 entropy weavers
  Nessos (Lair:4)
  The ghost of Nib the Cleaver, a journeyman DsGl of Okawaru (D:13)
  2 spark wasps
  2 minotaurs
  3 merfolk javelineers
  Erolcha (D:13)
  3 merfolk impalers
  2 rakshasas (D:15)
  6 hydras
  5 merfolk avatars
  3 satyrs
  2 catoblepae
  Erica (Lair:2)
  2 centaur warriors
  2 dancing weapons (D:13)
  8 two-headed ogres
  An ogre mage (D:15)
  2 orc high priests (Orc:2)
  Nergalle (Lair:2)
  3 skeletal warriors (D:14)
  2 unseen horrors
  7 sea snakes
  An orc knight (Orc:1)
  10 harpies
  The ghost of xccam the Cudgeler, a novice FoFi of Cheibriados (D:6)
  A wolf spider zombie (D:12)
  19 fauns
  20 orb spiders
  12 orc sorcerers
  31 wolf spiders
  8 ugly things
  8 manticores
  2 deep elf magi
  A cyclops (D:13)
  8 merfolk sirens
  2 moths of wrath
  2 water nymphs (Shoals:3)
  4 black mambas
  2 torpor snails
  3 elephants (Shoals:1)
  2 ice statues (IceCv)
  A centaur skeleton (D:15)
  28 spiny frogs
  12 demonic crawlers
  5 komodo dragons
  10 ice devils (IceCv)
  2 tengu conjurers (D:14)
  A yaktaur (D:11)
  14 merfolk
  7 meliai
  4 trolls
  43 jumping spiders
  3 tyrant leeches (Lair:6)
  2 queen bees
  2 wind drakes
  Prince Ribbit (D:5)
  18 dream sheep
  10 hornets
  34 blink frogs
  Grinder (D:4)
  2 snapping turtles
  5 hippogriffs
  3 water elementals
  55 redbacks
  3 wyverns
  A wraith (D:12)
  43 yaks
  35 tarantellas
  A hog (D:14)
  A human (D:14)
  2 hungry ghosts
  10 vampire mosquitoes
  3 basilisks
  2 steam dragons
  8 wargs
  A soldier ant (D:12)
  12 water moccasins
  8 porcupines
  28 orc warriors
  2 sky beasts (D:6)
  11 ice beasts
  2 black bears
  A hornet zombie (D:14)
  2 necrophages
  7 ogres
  4 phantoms
  A tengu (shapeshifter) (D:15)
  9 wolves
  13 centaurs
  11 crocodiles
  5 big kobolds
  27 bullfrogs
  A gnoll sergeant (D:3)
  A wyvern zombie (D:12)
  A water moccasin skeleton (D:8)
  5 scorpions
  38 killer bees
  8 wights
  3 electric eels
  7 howler monkeys
  4 crimson imps
  A bullfrog zombie (D:13)
  9 hounds
  2 centaur zombies
  2 jellies
  A bullfrog skeleton (D:12)
  2 gnoll shamans (D:3)
  18 orc priests
  47 orc wizards
  Jessica (D:2)
  Natasha (thrice) (D:3)
  6 iguanas
  6 worker ants
  A worker ant zombie (D:11)
  14 adders
  48 gnolls
  A howler monkey skeleton (D:8)
  4 shadow imps
  10 white imps (IceCv)
  3 ufetubi (IceCv)
  4 oozes
  An adder zombie (D:6)
  A worm (D:4)
  2 dart slugs
  6 leopard geckos
  109 orcs
  A ball python (D:7)
  3 giant cockroaches
  4 goblins
  11 hobgoblins
  22 jackals
  24 kobolds
  3 quokkas
  11 bats
  8 frilled lizards
  A leopard gecko skeleton (D:4)
  A leopard gecko zombie (D:7)
  5 rats
  A plant (Lair:6)
1192 creatures vanquished.

Vanquished Creatures (collateral kills)
  An orb spider (Spider:1)
  A redback (Spider:1)
  An iguana (D:10)
  An orc (D:10)
4 creatures vanquished.

Vanquished Creatures (others)
  An acid blob (D:15)
  A two-headed ogre (D:11)
  A wizard (D:11)
  An orb spider (shapeshifter) (D:15)
  A faun (Shoals:1)
  3 slime creatures
  A meliai (Shoals:1)
  A snapping turtle (Shoals:3)
  A hippogriff (Shoals:3)
  3 redbacks
  An orc warrior (Orc:2)
  A centaur (Shoals:2)
  89 jellies
  3 orc priests (D:13)
  A hound (D:14)
  An orc wizard (Orc:2)
  2 worker ants
  A white imp (IceCv)
  5 ufetubi (IceCv)
  12 orcs
  13 fungi
  34 plants
177 creatures vanquished.

Grand Total: 1373 creatures vanquished

Notes
Turn   | Place    | Note
-------+----------+-------------------------------------------
     0 | D:1      | Gorice the Demonspawn Wanderer began the quest for the Orb.
     0 | D:1      | Gorice set off with: a +2 spear, a +0 robe, a ration
     0 | D:1      | Reached XP level 1. HP: 18/18 MP: 3/3
     2 | D:1      | Learned a level 1 spell: Shock
    31 | D:1      | Reached skill level 1 in Polearms
   156 | D:1      | Gained mutation: You have a pair of small antennae on your head. [demonic ancestry]
   156 | D:1      | Reached XP level 2. HP: 24/24 MP: 3/5
   260 | D:1      | Reached skill level 2 in Polearms
   437 | D:1      | HP: 6/24 [gnoll/spear (4)]
   440 | D:1      | Reached XP level 3. HP: 5/29 MP: 3/6
  1318 | D:2      | Noticed Jessica
  1329 | D:2      | Killed Jessica
  1329 | D:2      | Reached skill level 3 in Polearms
  1329 | D:2      | Reached XP level 4. HP: 32/35 MP: 7/7
  1469 | D:2      | Reached skill level 1 in Air Magic
  2259 | D:2      | Reached skill level 1 in Armour
  2259 | D:2      | Reached XP level 5. HP: 33/41 MP: 8/8
  2396 | D:3      | Noticed Natasha
  2410 | D:3      | Killed Natasha
  2410 | D:3      | Reached skill level 4 in Polearms
  2636 | D:3      | HP: 9/41 [gnoll/spear (4)]
  2643 | D:3      | HP: 6/41 [poisoned by an adder]
  2650 | D:3      | HP: 5/41 [poisoned by an adder]
  2658 | D:3      | HP: 4/41 [poisoned by an adder]
  2718 | D:3      | Noticed Natasha
  2729 | D:3      | HP: 12/41 [adder (1)]
  2733 | D:3      | Reached skill level 2 in Armour
  2735 | D:3      | HP: 8/41 [poisoned by an adder]
  2736 | D:3      | Gained mutation: You are immune to rotting. [demonic ancestry]
  2736 | D:3      | Reached XP level 6. HP: 10/47 MP: 9/9
  2743 | D:3      | HP: 9/47 [poisoned by an adder]
  3193 | D:3      | Killed Natasha
  3531 | D:3      | Reached skill level 5 in Polearms
  3541 | D:3      | HP: 11/47 [gnoll/halberd (10)]
  3567 | D:3      | HP: 10/47 [gnoll (4)]
  3941 | D:3      | HP: 13/47 [gnoll sergeant/trident (13)]
  4675 | D:3      | Gained mutation: You may emit foul miasma when damaged in melee. [demonic ancestry]
  4675 | D:3      | Reached XP level 7. HP: 49/52 MP: 10/10
  4741 | D:3      | Reached skill level 3 in Armour
  4831 | D:3      | HP: 15/52 [gnoll/halberd (11)]
  4891 | D:2      | HP: 13/52 [gnoll (5)]
  4895 | D:2      | Reached skill level 6 in Polearms
  6095 | D:3      | Noticed Natasha
  6206 | D:3      | HP: 13/52 [gnoll/spear (5)]
  7068 | D:3      | Killed Natasha
  7281 | D:4      | Reached skill level 4 in Armour
  7323 | D:4      | Found a staircase to the Ecumenical Temple.
  7351 | Temple   | Entered the Ecumenical Temple
  7453 | D:4      | Noticed a wyvern
  7464 | D:4      | Killed a wyvern
  7464 | D:4      | Reached skill level 7 in Polearms
  7464 | D:4      | Gained mutation: You have a pair of antennae on your head. [demonic ancestry]
  7464 | D:4      | Reached XP level 8. HP: 23/58 MP: 11/11
  7770 | D:4      | Noticed xccam's ghost (novice FoFi)
  8257 | D:4      | Found Immituw's Food Shop.
  8430 | D:4      | HP: 15/58 [something/puff of frost (6)]
  8751 | D:4      | Noticed Grinder
  8772 | D:4      | Paralysed by Grinder for 6 turns
  8795 | D:4      | Killed Grinder
  8795 | D:4      | Reached skill level 8 in Polearms
  8897 | D:4      | Reached skill level 5 in Armour
  9211 | D:5      | Entered Level 5 of the Dungeon
  9556 | D:5      | Noticed Prince Ribbit
  9723 | D:5      | Killed Prince Ribbit
  9723 | D:5      | Reached skill level 9 in Polearms
  9723 | D:5      | Gained mutation: You are partially covered in sharp spines. [demonic ancestry]
  9723 | D:5      | Reached XP level 9. HP: 63/63 MP: 12/12
  9790 | D:5      | Found Weis's Magic Scroll Emporium.
  9807 | D:5      | Bought a scroll of identify for 26 gold pieces
  9807 | D:5      | Bought a scroll of fog for 26 gold pieces
  9959 | D:6      | Found Yluqerha's Distillery.
  9979 | D:6      | Bought a potion of heal wounds for 55 gold pieces
  9979 | D:6      | Bought a potion of heal wounds for 55 gold pieces
 10028 | D:6      | Reached skill level 6 in Armour
 10304 | D:6      | Noticed xccam's ghost (novice FoFi)
 10745 | D:6      | HP: 10/63 [centaur/arrow (12)]
 10755 | D:6      | HP: 10/63 [centaur/arrow (2)]
 10767 | D:6      | HP: 10/63 [centaur/arrow (3)]
 10786 | D:6      | HP: 8/63 [xccam's ghost (5)]
 11414 | D:6      | Reached skill level 10 in Polearms
 12200 | D:7      | Reached skill level 7 in Armour
 12214 | D:7      | Reached XP level 10. HP: 26/70 MP: 13/13
 12419 | D:7      | Reached skill level 11 in Polearms
 13363 | D:8      | Found a staircase to the Lair.
 13531 | D:8      | Got a bloodstained quarterstaff
 13532 | D:8      | Identified the +11 quarterstaff of Entrepreneurial Spirit {flame, *Slow rC+ MR+ Str+3} (You found it on level 8 of the Dungeon)
 13543 | D:8      | Reached skill level 8 in Armour
 13583 | D:8      | Reached skill level 1 in Staves
 13699 | D:8      | Reached skill level 2 in Staves
 13874 | D:9      | Noticed a two-headed ogre
 13880 | D:9      | Killed a two-headed ogre
 13880 | D:9      | Reached skill level 3 in Staves
 14043 | D:9      | Reached skill level 4 in Staves
 14291 | D:9      | Gained mutation: You are mostly covered in sharp spines. [demonic ancestry]
 14291 | D:9      | Reached XP level 11. HP: 69/75 MP: 14/14
 14355 | D:9      | Noticed a catoblepas
 14389 | D:9      | Killed a catoblepas
 14389 | D:9      | Reached skill level 5 in Staves
 14765 | D:9      | Found an ornate altar of the Wu Jian Council.
 14827 | D:10     | Entered Level 10 of the Dungeon
 14921 | D:10     | Reached skill level 9 in Armour
 14953 | D:10     | HP: 22/75 [poisoned by a kobold]
 14958 | D:10     | HP: 14/75 [poisoned by a kobold]
 14963 | D:10     | HP: 10/75 [poisoned by a kobold]
 14968 | D:10     | HP: 6/75 [poisoned by a kobold]
 14973 | D:10     | HP: 4/75 [poisoned by a kobold]
 14980 | D:10     | HP: 3/75 [poisoned by a kobold]
 14987 | D:10     | HP: 2/75 [poisoned by a kobold]
 14995 | D:10     | HP: 2/75 [poisoned by a kobold]
 15450 | D:10     | Reached skill level 6 in Staves
 16207 | D:10     | Found a staircase to the Orcish Mines.
 16487 | Lair:1   | Entered Level 1 of the Lair of Beasts
 16706 | Lair:1   | Reached skill level 7 in Staves
 17122 | Lair:1   | Reached skill level 8 in Staves
 17455 | Lair:2   | Found a frozen archway.
 17484 | Lair:2   | Reached skill level 10 in Armour
 17509 | IceCv    | Entered an ice cave
 17847 | IceCv    | HP: 21/75 [something] (6)]
 18145 | IceCv    | HP: 22/75 [ice statue/shard of ice (22)]
 18479 | IceCv    | HP: 8/75 [ice statue/shard of ice (17)]
 19025 | IceCv    | Reached skill level 9 in Staves
 19025 | IceCv    | Reached XP level 12. HP: 74/81 MP: 15/15
 19249 | IceCv    | Noticed a reaper
 19262 | IceCv    | HP: 14/83 [reaper/scythe of freezing (37)]
 19312 | IceCv    | Killed a reaper
 19312 | IceCv    | Reached skill level 4 in Fighting
 19414 | IceCv    | HP: 21/83 [something (11)]
 19417 | IceCv    | HP: 4/83 [something (13)]
 19891 | Lair:2   | Reached skill level 10 in Staves
 19916 | Lair:2   | Found a hole to the Spider Nest.
 19956 | Lair:2   | Noticed Erica
 19966 | Lair:2   | Killed Erica
 19966 | Lair:2   | Reached skill level 5 in Fighting
 19994 | Lair:2   | Noticed Nergalle
 20017 | Lair:2   | Killed Nergalle
 20146 | Lair:2   | Found a staircase to the Shoals.
 20167 | Lair:2   | HP: 26/87 [poisoned by a merfolk]
 20175 | Lair:2   | HP: 24/87 [merfolk siren/spear (3)]
 20176 | Lair:2   | Reached skill level 6 in Fighting
 21562 | Lair:3   | Reached skill level 7 in Fighting
 21787 | Lair:3   | Reached skill level 11 in Staves
 22245 | Lair:3   | Noticed an eight-headed hydra
 22253 | Lair:3   | Killed an eight-headed hydra
 22352 | Lair:3   | Gained mutation: You are partially covered in iridescent scales. (AC +2) [demonic ancestry]
 22352 | Lair:3   | Reached XP level 13. HP: 67/98 MP: 16/16
 22687 | Lair:4   | Reached skill level 8 in Fighting
 22797 | Lair:4   | Identified a +2 pair of boots of running (You found it on level 4 of the Lair of Beasts)
 22797 | Lair:4   | --nice!
 22838 | Lair:4   | Noticed Nessos
 22847 | Lair:4   | Killed Nessos
 23649 | Lair:4   | Reached skill level 9 in Fighting
 23668 | Lair:5   | Reached skill level 12 in Staves
 24229 | Lair:5   | Found a viscous altar of Jiyva.
 24229 | Lair:5   | Found a staircase to the Slime Pits.
 24751 | D:6      | Bought a potion of ambrosia for 88 gold pieces
 24751 | D:6      | Bought a potion of agility for 44 gold pieces
 24751 | D:6      | Bought a potion of magic for 88 gold pieces
 24751 | D:6      | Bought a potion of curing for 33 gold pieces
 24751 | D:6      | Bought a potion of curing for 33 gold pieces
 24765 | D:6      | Killed xccam's ghost
 24918 | Lair:5   | Became a worshipper of Jiyva Jamiel the Shapeless
 24964 | Lair:6   | Entered Level 6 of the Lair of Beasts
 25178 | Lair:6   | Reached skill level 10 in Fighting
 25181 | Lair:6   | HP: 30/103 [poisoned by a spiny frog]
 25186 | Lair:6   | HP: 25/103 [poisoned by a spiny frog]
 25191 | Lair:6   | HP: 20/103 [poisoned by a spiny frog]
 25196 | Lair:6   | HP: 18/103 [poisoned by a spiny frog]
 25202 | Lair:6   | HP: 17/103 [poisoned by a spiny frog]
 25208 | Lair:6   | HP: 17/103 [poisoned by a spiny frog]
 25216 | Lair:6   | HP: 17/103 [poisoned by a spiny frog]
 25245 | Lair:6   | HP: 6/103 [spiny frog (17)]
 25254 | Lair:6   | HP: 30/103 [spiny frog (8)]
 25863 | Lair:6   | Reached skill level 11 in Armour
 26119 | Lair:6   | Gained mutation: You are mostly covered in iridescent scales. (AC +4) [demonic ancestry]
 26119 | Lair:6   | Reached XP level 14. HP: 91/111 MP: 17/17
 26217 | Lair:6   | Reached skill level 11 in Fighting
 26312 | Lair:6   | HP: 30/113 [spiny frog (9)]
 26317 | Lair:5   | HP: 16/113 [poisoned by a spiny frog]
 26733 | Lair:6   | Reached * piety under Jiyva
 27728 | Orc:1    | Entered Level 1 of the Orcish Mines
 27835 | Orc:1    | Reached skill level 12 in Armour
 28125 | Orc:2    | Entered Level 2 of the Orcish Mines
 28125 | Orc:2    | Found a staircase to the Elven Halls.
 28168 | Orc:2    | Reached skill level 12 in Fighting
 28186 | Orc:2    | Found a labyrinth entrance.
 28218 | Orc:1    | Reached ** piety under Jiyva
 28280 | Orc:1    | Reached *** piety under Jiyva
 28320 | Orc:2    | HP: 33/115 [ice devil[an orc high priest] (4)]
 28344 | Lab      | Entered a labyrinth
 28696 | Orc:1    | Found Jat Gys's Weapon Boutique.
 28726 | Orc:1    | Gained mutation: Your spells are a little harder to cast, but a little more powerful. [Jiyva's grace]
 29086 | Orc:2    | Found Kupliann's General Store.
 29086 | Orc:2    | Found Lyakiq's Armour Shop.
 29102 | Orc:2    | Reached **** piety under Jiyva
 29118 | Orc:2    | Gained mutation: Your body has grown golden eyes which may confuse attackers. (Acc +3) [Jiyva's grace]
 29125 | Orc:2    | Reached ***** piety under Jiyva
 29136 | Orc:2    | Lost mutation: Your spells are a little harder to cast, but a little more powerful. [Jiyva's grace]
 29137 | Orc:2    | Bought a potion of mutation for 88 gold pieces
 29137 | Orc:2    | Bought a scroll of blinking for 82 gold pieces
 29307 | Orc:2    | Gained mutation: Your muscles are strong. (Str +2) [Jiyva's grace]
 29315 | Orc:2    | Reached ****** piety under Jiyva
 29371 | Orc:2    | Found Xagufof's Distillery.
 29371 | Orc:2    | Found Siutaw's Weapon Shop.
 29373 | Orc:2    | Gained mutation: You are covered in slimy tendrils that may disarm your opponents. [Jiyva's grace]
 29382 | Orc:2    | Lost mutation: Your muscles are strong. (Str +2) [Jiyva's grace]
 29526 | Orc:2    | Found a roughly hewn altar of Beogh.
 30160 | D:11     | Gained mutation: You evolve. [Jiyva's grace]
 30264 | D:11     | Gained mutation: You have a small jelly attached to you that senses nearby items. [Jiyva's grace]
 30634 | D:11     | Noticed an azure jelly
 30634 | D:11     | a seven-headed hydra changed into an azure jelly
 30639 | D:11     | Reached skill level 13 in Fighting
 30643 | D:11     | Reached skill level 13 in Armour
 30691 | D:11     | Gained mutation: Your spells are a little harder to cast, but a little more powerful. [Jiyva's grace]
 30793 | D:12     | Got a translucent quarterstaff
 30814 | D:12     | Identified the +6 quarterstaff of Balance {crush, rF+ rN+} (You found it on level 12 of the Dungeon)
 30852 | D:12     | Reached XP level 15. HP: 98/124 MP: 18/18
 31104 | D:12     | Lost mutation: You evolve. [Jiyva's grace]
 31104 | D:12     | Gained mutation: You are somewhat resistant to further mutation. [Jiyva's grace]
 31251 | D:12     | Identified a scroll of acquirement
 31252 | D:12     | Got an ancient lajatang
 31253 | D:12     | Identified the +9 lajatang "Aqibrim" {venom, +Blink Dex+7} (You acquired it on level 12 of the Dungeon)
 31308 | D:13     | Noticed Nib's ghost (journeyman DsGl)
 31334 | D:13     | Killed Nib's ghost
 31334 | D:13     | Reached skill level 1 in Evocations
 31399 | D:13     | Lost mutation: You are covered in slimy tendrils that may disarm your opponents. [Jiyva's grace]
 31458 | D:13     | Found a gate to the Vaults.
 31588 | D:13     | Reached skill level 2 in Evocations
 31923 | D:13     | Lost mutation: Your spells are a little harder to cast, but a little more powerful. [Jiyva's grace]
 31930 | D:13     | Lost mutation: You are somewhat resistant to further mutation. [Jiyva's grace]
 32134 | D:13     | Noticed Erolcha
 32139 | D:13     | Killed Erolcha
 32324 | Orc:2    | Bought a scroll of identify for 22 gold pieces
 32790 | D:14     | Noticed Kirke
 32802 | D:14     | Killed Kirke
 32802 | D:14     | Reached skill level 3 in Evocations
 32860 | D:14     | Gained mutation: Your body has grown many golden eyes which may confuse attackers. (Acc +5) [Jiyva's grace]
 33244 | D:15     | Entered Level 15 of the Dungeon
 33258 | D:15     | Reached skill level 4 in Evocations
 33288 | D:15     | Found a shattered altar of Ashenzari.
 33350 | D:15     | HP: 36/125 [two-headed ogre/giant club (16)]
 33352 | D:15     | HP: 8/125 [two-headed ogre/giant club (17)]
 33365 | D:15     | Reached skill level 14 in Fighting
 33772 | D:15     | Noticed an acid blob
 33772 | D:15     | a red ugly thing changed into an acid blob
 33774 | D:15     | Killed an acid blob
 33783 | D:15     | HP: 26/126 [rakshasa/orb of energy (21)]
 34451 | D:15     | Gained mutation: You have a small jelly attached to you that may absorb incoming projectiles. [Jiyva's grace]
 34532 | D:15     | Found Irelasm's Distillery.
 34540 | D:15     | Bought a potion of haste for 160 gold pieces
 34540 | D:15     | Bought a potion of heal wounds for 80 gold pieces
 34540 | D:15     | Bought a potion of heal wounds for 80 gold pieces
 34540 | D:15     | Bought a potion of heal wounds for 80 gold pieces
 34553 | D:15     | Found a white marble altar of Elyvilon.
 34685 | D:15     | Found a staircase to the Depths.
 34972 | Spider:1 | Entered Level 1 of the Spider Nest
 34974 | Spider:1 | Reached skill level 5 in Evocations
 34986 | Lair:2   | Reached skill level 14 in Armour
 35003 | Lair:2   | HP: 37/126 [poisoned by a meliai]
 35008 | Lair:2   | HP: 34/126 [poisoned by a meliai]
 35014 | Lair:2   | HP: 33/126 [poisoned by a meliai]
 35020 | Lair:2   | HP: 33/126 [poisoned by a meliai]
 35028 | Lair:2   | HP: 34/126 [poisoned by a meliai]
 35538 | Spider:1 | HP: 37/126 [redback (7)]
 35545 | Lair:2   | HP: 14/126 [wolf spider (15)]
 35736 | Lair:2   | Gained mutation: You have a beak for a mouth. [Jiyva's grace]
 36299 | Spider:1 | Gained mutation: You passively map a small area around you. [Jiyva's grace]
 36308 | Spider:1 | Reached skill level 6 in Evocations
 36423 | Spider:1 | Gained mutation: Your muscles are strong. (Str +2) [Jiyva's grace]
 36559 | Spider:1 | Reached XP level 16. HP: 129/134 MP: 20/20
 36800 | Spider:2 | Reached skill level 7 in Evocations
 37396 | Spider:2 | Noticed Asterion
 37410 | Spider:2 | Killed Asterion
 37574 | Spider:2 | Reached skill level 15 in Fighting
 37793 | Spider:3 | HP: 38/136 [spark wasp (12)]
 37794 | Spider:3 | HP: 18/136 [tarantella (11)]
 37799 | Spider:3 | Gained mutation: You have a pair of large antennae on your head. (SInv) [Jiyva's grace]
 37800 | Spider:3 | Reached skill level 8 in Evocations
 37875 | Spider:3 | HP: 39/136 [poisoned by a redback]
 37880 | Spider:3 | HP: 33/136 [poisoned by a redback]
 37880 | Spider:3 | Gained mutation: Armour fits poorly on your pseudopods. [Jiyva's grace]
 37889 | Spider:3 | HP: 27/136 [jumping spider (6)]
 38088 | D:6      | Bought a potion of curing for 33 gold pieces
 38088 | D:6      | Bought a potion of curing for 33 gold pieces
 38229 | Orc:2    | Bought a potion of curing for 51 gold pieces
 38229 | Orc:2    | Bought 3 potions of curing for 153 gold pieces
 38229 | Orc:2    | Bought a potion of curing for 51 gold pieces
 38691 | Spider:3 | Gained mutation: You evolve. [Jiyva's grace]
 38769 | Spider:4 | Entered Level 4 of the Spider Nest
 38834 | Spider:4 | Reached skill level 15 in Armour
 39233 | Spider:4 | Reached skill level 9 in Evocations
 39344 | Spider:4 | Lost mutation: You passively map a small area around you. [Jiyva's grace]
 39918 | Spider:4 | Gained mutation: You expend magic power (3 MP) to strengthen your wands. [evolution]
 39918 | Spider:4 | Lost mutation: You evolve. [end of evolution]
 40133 | Spider:4 | Reached XP level 17. HP: 118/144 MP: 24/24
 40152 | Spider:4 | Paralysed by a hornet for 1 turns
 40304 | Spider:4 | Got a gossamer rune of Zot
 40335 | Spider:4 | Lost mutation: You expend magic power (3 MP) to strengthen your wands. [Jiyva's grace]
 40528 | Spider:4 | Reached skill level 16 in Fighting
 40541 | Spider:4 | Reached skill level 10 in Evocations
 41066 | Shoals:1 | Entered Level 1 of the Shoals
 41293 | Shoals:1 | Gained mutation: Your flesh is cold resistant. (rC+) [Jiyva's grace]
 41339 | Shoals:1 | HP: 43/144 [satyr/uncursed spear (6)]
 41341 | Shoals:1 | HP: 11/144 [satyr/uncursed spear (12)]
 41365 | Shoals:1 | Gained mutation: Your flesh is heat resistant. (rF+) [Jiyva's grace]
 41528 | Shoals:1 | Gained mutation: Your translucent skin slightly reduces your foes' accuracy. (Stealth) [Jiyva's grace]
 41790 | Shoals:1 | Found a hide-covered altar of Uskayaw.
 41797 | Shoals:1 | Got a smoking fustibalus
 42075 | Shoals:1 | Identified the +5 fustibalus "Transmigrator" {flame, Str+9 Dex+2} (You found it on level 1 of the Shoals)
 42186 | Shoals:2 | Reached skill level 11 in Evocations
 42204 | Shoals:2 | Reached skill level 16 in Armour
 42354 | Shoals:2 | Gained mutation: Your body is covered in golden eyes which may confuse attackers. (Acc +7, SInv) [Jiyva's grace]
 42362 | Shoals:2 | Reached skill level 1 in Dodging
 42476 | Shoals:2 | Lost mutation: Your translucent skin slightly reduces your foes' accuracy. (Stealth) [Jiyva's grace]
 42635 | Shoals:2 | Reached skill level 2 in Dodging
 42821 | Shoals:3 | HP: 41/144 [barbs]
 42827 | Shoals:2 | HP: 31/144 [poisoned by a merfolk]
 43448 | Lair:1   | Lost mutation: Your flesh is cold resistant. (rC+) [Jiyva's grace]
 43485 | Lair:1   | Gained mutation: You have acidic saliva. [Jiyva's grace]
 43492 | Lair:1   | Gained mutation: Armour fits poorly on your large pseudopods. [Jiyva's grace]
 43494 | Lair:1   | Gained mutation: Your translucent skin slightly reduces your foes' accuracy. (Stealth) [Jiyva's grace]
 43597 | Shoals:3 | Reached skill level 3 in Dodging
 43923 | Shoals:3 | Lost mutation: You have acidic saliva. [Jiyva's grace]
 43945 | Shoals:3 | Reached skill level 4 in Dodging
 44004 | Shoals:3 | Lost mutation: Your translucent skin slightly reduces your foes' accuracy. (Stealth) [Jiyva's grace]
 44071 | Shoals:3 | Found Hima's Antique Weapon Boutique.
 44111 | Shoals:3 | Reached skill level 12 in Evocations
 44149 | Shoals:3 | Gained mutation: You are covered in slimy tendrils that may disarm your opponents. [Jiyva's grace]
 44214 | Shoals:3 | Lost mutation: Your flesh is heat resistant. (rF+) [Jiyva's grace]
 44348 | Shoals:4 | Entered Level 4 of the Shoals
 44357 | Shoals:4 | Reached skill level 5 in Dodging
 44533 | Shoals:4 | Noticed Kidiri's ghost (adept DEFE)
 44551 | Shoals:4 | HP: 2/144 [Kidiri's ghost/burning poison (46)]
 44552 | Shoals:4 | Killed from afar by Kidiri's ghost

Vault maps used:
D:1:      lemuel_arrival_funnel
D:2:      kennysheep_generic_room_16, uniq_jessica
D:3:      lemuel_castle_with_subvaults, uniq_natasha
D:4:      temple_fountains, serial_shops, kennysheep_mini_moat, first_ration,
          kennysheep_small_square, uniq_grinder
D:5:      serial_shops, nicolae_shop_crystal, uniq_prince_ribbit1
D:6:      minivault_4, minmay_shop_grid_forest
D:8:      lair_entry_dummy, david_nohive_1, grunt_ministairs_8
D:9:      kennysheep_mini
D:10:     hiddenorc2_lemuel, roderic_st_hans_cross, kennysheep_generic_room_9
D:12:     minmay_ambush_box
D:13:     erik_vaults_1, special_room, uniq_erolcha
D:14:     hangedman_abyss_or_decor_clamps, uniq_kirke
D:15:     gammafunk_enter_depths_forms, serial_shops, shop, elyvilon_altar_4,
          basic_altar, minivault_1
Temple:   grunt_wide_crystal_templ
Lair:1:   beast_lair_carwin_4
Lair:2:   elwin_shoals_entry_stream, spider_nest_entry_a,
          portal_ice_cave_entry_ice_beasts, eino_small_chamber_without_monster,
          uniq_nergalle, uniq_erica
Lair:3:   beast_lair_carwin_6, grunt_megastairs_2
Lair:4:   uniq_nessos
Lair:5:   slime_altar_1, minivault_19, infiniplex_staircase_pool
Lair:6:   minmay_lair_end_frog_pond
Shoals:1: regret_index_shoals_crete
Shoals:3: serial_shops, nicolae_shop_stone, nicolae_shoals_circle_sea_wall,
          nicolae_shoals_mertower
Shoals:4: shoals_end_grunt_ice, shoals_ilsuiw_ice
Spider:1: special_room
Spider:2: nicolae_spider_stair_cavern, uniq_asterion
Spider:3: hangedman_spider_mandibles
Spider:4: spider_rune_water
Orc:1:    serial_shops, shop
Orc:2:    st_orc_town, lab_entry_generic
Lab:      labyrinth_green
IceCv:    ice_cave_small_demon

Skill      XL: |  1  2  3  4  5  6  7  8  9 10 11 12 13 14 15 16 17 |
---------------+----------------------------------------------------+-----
Polearms       | 1 2 3 4 5 7 9 10 11 | 11.7
Air Magic      | 1 |  1.0
Armour         | 1 2 4 5 7 8 10 11 13 14 15 16 | 16.0
Staves         | 4 9 11 12 | 12.2
Fighting       | 7 10 13 14 15 16 | 16.0
Evocations     | 6 9 12 | 12.0
Dodging        | 5 |  5.1
Throwing       | |  1.0
Shields        | |  1.0
Spellcasting   | |  2.0
Conjurations   | |  3.0

Action                   |  1- 3 |  4- 6 |  7- 9 | 10-12 | 13-15 | 16-18 || total
-------------------------+-------+-------+-------+-------+-------+-------++-------
Melee: Spear             |    77 |   333 |   263 |       |       |       ||   673
       Halberd           |       |       |   414 |    93 |       |       ||   507
       Quarterstaff      |       |       |       |   515 |   730 |       ||  1245
       Lajatang          |       |       |       |       |   358 |   623 ||   981
       Peck              |       |       |       |       |    17 |   187 ||   204
       Pseudopods        |       |       |       |       |       |   142 ||   142
       Bite              |       |       |       |       |       |     4 ||     4
Throw: Stone             |       |    19 |    36 |     1 |       |       ||    56
       Throwing net      |       |       |     1 |     2 |       |       ||     3
       Tomahawk          |       |       |     4 |    87 |    50 |     1 ||   142
       Javelin           |       |       |       |       |     7 |       ||     7
 Cast: Shock             |    12 |       |       |       |       |       ||    12
Invok: Slimify           |       |       |       |       |     2 |     3 ||     5
 Abil: Evoke Blink       |       |       |       |       |     3 |       ||     3
       Evoke Flight      |       |       |       |       |       |    14 ||    14
Evoke: Wand              |       |       |       |     4 |    22 |    17 ||    43
  Use: Scroll            |     5 |     7 |    10 |     6 |     9 |     3 ||    40
       Potion            |       |       |       |     3 |     6 |     2 ||    11
 Stab: Confused          |       |       |       |       |     3 |    17 ||    20
       Petrifying        |       |       |       |       |     1 |       ||     1
  Eat: Chunk             |     1 |    11 |    21 |    25 |    17 |       ||    75
       Ration            |       |       |     1 |     3 |       |       ||     4
Armor: Ring mail         |    17 |     5 |       |       |       |       ||    22
       Chain mail        |       |   126 |   363 |   313 |   723 |   518 ||  2043
Dodge: Dodged            |    14 |    59 |   182 |   141 |   388 |   287 ||  1071

Table legend:
 A = Spawn XP
 B = Non-spawn XP
 C = Spawn XP percentage of total XP
 D = Spawn monster count
 E = Non-spawn monster count
 F = Spawn count percentage of total count
 G = Total turns spent on level
                    A         B        C        D         E        F      G
               +---------+---------+-------+---------+---------+-------+---------
         Total |       0 |  277853 |   0.0 |       0 |    1199 |   0.0 | 44552
               +---------+---------+-------+---------+---------+-------+---------
           D:1 |       0 |      66 |   0.0 |       0 |      25 |   0.0 |  1289
           D:2 |       0 |     208 |   0.0 |       0 |      28 |   0.0 |  2112
           D:3 |       0 |    1040 |   0.0 |       0 |      77 |   0.0 |  4122
           D:4 |       0 |     890 |   0.0 |       0 |      23 |   0.0 |  1604
           D:5 |       0 |    1007 |   0.0 |       0 |      20 |   0.0 |  1497
           D:6 |       0 |    1844 |   0.0 |       0 |      25 |   0.0 |  1361
           D:7 |       0 |    1738 |   0.0 |       0 |      29 |   0.0 |  1198
           D:8 |       0 |    2671 |   0.0 |       0 |      41 |   0.0 |   870
           D:9 |       0 |    4208 |   0.0 |       0 |      31 |   0.0 |  1429
          D:10 |       0 |    1585 |   0.0 |       0 |      51 |   0.0 |  1496
          D:11 |       0 |    7275 |   0.0 |       0 |      37 |   0.0 |  1007
          D:12 |       0 |    6105 |   0.0 |       0 |      28 |   0.0 |   603
          D:13 |       0 |    8262 |   0.0 |       0 |      41 |   0.0 |   995
          D:14 |       0 |    9455 |   0.0 |       0 |      25 |   0.0 |  1407
          D:15 |       0 |    9961 |   0.0 |       0 |      22 |   0.0 |   843
        Lair:1 |       0 |    4685 |   0.0 |       0 |      24 |   0.0 |  1430
        Lair:2 |       0 |   13377 |   0.0 |       0 |      45 |   0.0 |  3173
        Lair:3 |       0 |    7071 |   0.0 |       0 |      32 |   0.0 |  1401
        Lair:4 |       0 |    8283 |   0.0 |       0 |      27 |   0.0 |  1277
        Lair:5 |       0 |    4879 |   0.0 |       0 |      19 |   0.0 |  1608
        Lair:6 |       0 |   24384 |   0.0 |       0 |      84 |   0.0 |  1821
      Shoals:1 |       0 |   19006 |   0.0 |       0 |      36 |   0.0 |  1021
      Shoals:2 |       0 |    8962 |   0.0 |       0 |      16 |   0.0 |  1058
      Shoals:3 |       0 |   22299 |   0.0 |       0 |      37 |   0.0 |  1079
      Shoals:4 |       0 |     763 |   0.0 |       0 |       1 |   0.0 |    50
      Spider:1 |       0 |   13427 |   0.0 |       0 |      54 |   0.0 |   487
      Spider:2 |       0 |   17828 |   0.0 |       0 |      48 |   0.0 |  1147
      Spider:3 |       0 |   16642 |   0.0 |       0 |      44 |   0.0 |   510
      Spider:4 |       0 |   37879 |   0.0 |       0 |      77 |   0.0 |  2064
         Orc:1 |       0 |    3784 |   0.0 |       0 |      29 |   0.0 |   741
         Orc:2 |       0 |   11161 |   0.0 |       0 |      96 |   0.0 |  1099
           Lab |       0 |    1231 |   0.0 |       0 |       1 |   0.0 |   349
         IceCv |       0 |    5877 |   0.0 |       0 |      26 |   0.0 |  2320
               +---------+---------+-------+---------+---------+-------+---------

Table legend:
 A = Turns spent in this place as a percentage of turns spent in the entire game.
 B = Non-inter-level travel turns spent in this place as a percentage of non-inter-level travel turns spent in the entire game.
 C = Inter-level travel turns spent in this place as a percentage of turns spent in this place.
 D = Turns resting spent in this place as a percentage of non-inter-level travel turns spent in this place.
 E = Turns spent auto-exploring this place as a percentage of non-inter-level travel turns spent in this place.
 F = Non-inter-level travel turns spent in this place divided by the number of levels of this place that you've seen.
                   A       B       C       D       E      F
               +-------+-------+-------+-------+-------+----------------------
         Total | 100.0 | 100.0 |   6.9 |  35.8 |  30.7 | 1220.4
       Dungeon |  49.0 |  49.4 |   6.2 |  36.2 |  30.9 | 1365.8
        Temple |   0.2 |   0.2 |  13.1 |   0.0 |  97.3 |  73.0
          Lair |  24.0 |  23.3 |   9.6 |  39.4 |  32.6 | 1613.8
        Shoals |   7.2 |   7.3 |   5.9 |  24.1 |  35.1 | 755.0
   Spider Nest |   9.4 |   9.6 |   5.1 |  27.5 |  34.8 | 998.0
  Orcish Mines |   4.1 |   3.8 |  14.7 |   5.4 |  46.3 | 784.5
     Labyrinth |   0.8 |   0.8 |   0.0 |  22.1 |   0.0 | 349.0
      Ice Cave |   5.2 |   5.6 |   0.0 |  71.0 |   0.9 | 2320.0
               +-------+-------+-------+-------+-------+----------------------

Vault maps used:
D:1:      lemuel_arrival_funnel
D:2:      kennysheep_generic_room_16, uniq_jessica
D:3:      lemuel_castle_with_subvaults, uniq_natasha
D:4:      temple_fountains, serial_shops, kennysheep_mini_moat, first_ration,
          kennysheep_small_square, uniq_grinder
D:5:      serial_shops, nicolae_shop_crystal, uniq_prince_ribbit1
D:6:      minivault_4, minmay_shop_grid_forest
D:8:      lair_entry_dummy, david_nohive_1, grunt_ministairs_8
D:9:      kennysheep_mini
D:10:     hiddenorc2_lemuel, roderic_st_hans_cross, kennysheep_generic_room_9
D:12:     minmay_ambush_box
D:13:     erik_vaults_1, special_room, uniq_erolcha
D:14:     hangedman_abyss_or_decor_clamps, uniq_kirke
D:15:     gammafunk_enter_depths_forms, serial_shops, shop, elyvilon_altar_4,
          basic_altar, minivault_1
Temple:   grunt_wide_crystal_templ
Lair:1:   beast_lair_carwin_4
Lair:2:   elwin_shoals_entry_stream, spider_nest_entry_a,
          portal_ice_cave_entry_ice_beasts, eino_small_chamber_without_monster,
          uniq_nergalle, uniq_erica
Lair:3:   beast_lair_carwin_6, grunt_megastairs_2
Lair:4:   uniq_nessos
Lair:5:   slime_altar_1, minivault_19, infiniplex_staircase_pool
Lair:6:   minmay_lair_end_frog_pond
Shoals:1: regret_index_shoals_crete
Shoals:3: serial_shops, nicolae_shop_stone, nicolae_shoals_circle_sea_wall,
          nicolae_shoals_mertower
Shoals:4: shoals_end_grunt_ice, shoals_ilsuiw_ice
Spider:1: special_room
Spider:2: nicolae_spider_stair_cavern, uniq_asterion
Spider:3: hangedman_spider_mandibles
Spider:4: spider_rune_water
Orc:1:    serial_shops, shop
Orc:2:    st_orc_town, lab_entry_generic
Lab:      labyrinth_green
IceCv:    ice_cave_small_demon
